 Dungeon Crawl Stone Soup version 0.27-a0-819-g058290f16d (webtiles) character file.

Game seed: 13501558154939352368

58 porpoise the Conjurer (level 3, 0/19 HPs)
             Began as a Deep Elf Conjurer on Mar 30, 2021.
             Succumbed to a goblin's poison
             ... on level 2 of the Dungeon.
             The game lasted 00:03:59 (1383 turns).

porpoise the Conjurer (Deep Elf Conjurer)           Turns: 1383, Time: 00:03:59

Health: 0/19       AC:  2    Str:  4    XL:     3   Next: 75%
Magic:  5/11       EV: 12    Int: 23    God:
Gold:   43         SH:  0    Dex: 13    Spells: 8/11 levels left

rFire    . . .     SeeInvis .   a - +0 dagger
rCold    . . .     Faith    .   (no shield)
rNeg     . . .     Spirit   .   e - +0 robe
rPois    .         Reflect  .   (no helmet)
rElec    .         Harm     .   (no cloak)
rCorr    .         Rampage  .   (no gloves)
Will     .....                  (no boots)
Stlth    ++........             (no amulet)
HPRegen  0.06/turn              (no ring)
MPRegen  0.12/turn              (no ring)

@: lethally poisoned (0 -> -13), flying
A: no striking features
a: no special abilities


You were on level 2 of the Dungeon.
You visited 1 branch of the dungeon, and saw 2 of its levels.

You collected 43 gold pieces.

Inventory:

Hand Weapons
 a - a +0 dagger (weapon)
Missiles
 c - 51 stones
 f - 8 atropa-tipped darts
 g - 19 sling bullets
Armour
 e - a +0 robe (worn)
Scrolls
 b - a scroll of identify {unknown}


   Skills:
 - Level 2.4 Dodging
 - Level 2.4 Stealth
 + Level 4.5 Spellcasting
 + Level 5.2 Conjurations


You had 8 spell levels left.
You knew the following spells:

 Your Spells              Type           Power      Damage    Failure   Level
a - Magic Dart            Conj           100%       1d8       1%          1
b - Searing Ray           Conj           58%        3d5       1%          2

Your spell library contained the following spells:

 Spells                   Type           Power      Damage    Failure   Level
 Dazzling Flash           Conj/Hex       34%        N/A       10%         3
 Confusing Touch          Hex            5%         N/A       30%         3
 Gell's Gravitas          Tloc           2%         N/A       30%         3
 Fulminant Prism          Conj/Hex       8%         3d7       32%         4
 Iskenderun's Mystic Bla  Conj/Tloc      17%        2d5       32%         4
 Petrify                  Tmut/Erth      5%         N/A       69%         4
 Metabolic Englaciation   Hex/Ice        2%         N/A       95%         5
 Yara's Violent Unravell  Hex/Tmut       2%         3d3       95%         5


Dungeon Overview and Level Annotations

Branches:
Dungeon (2/15)

Altars:


Message History

Casting: Magic Dart (safe; 1% risk of failure)
Confirm with . or Enter, or press ? or * to list all spells.
Aiming: Searing Ray (safe; 1% risk of failure)
Press: ? - help, Shift-Dir - straight line, f - Robin, p - hobgoblin
Aim: Robin, wielding a +0 short sword, wearing a +0 animal skin, wearing a +0 helmet and carrying a wand of polymorph (7) (15% to evade)
The searing ray hits the goblin.
You kill the goblin!
The searing ray hits Robin!
Robin is severely wounded. (Press . to maintain the ray.)
The goblin shouts! x2
Robin throws the goblin at you!
A goblin comes into view. It is wielding a +0 dagger.
The searing ray hits Robin.
Robin is almost dead.
The goblin hits you with a +2 dagger of venom.
You are poisoned.
The hobgoblin barely misses you.
A hobgoblin comes into view.
The searing ray hits Robin!
You kill Robin!
You feel very sick. The goblin closely misses you.
The hobgoblin closely misses you.
A rat comes into view.
A goblin comes into view. It is wielding a +0 dagger.
You feel sick. The goblin completely misses you. The hobgoblin hits you.
You feel sick.
It was a potion of flight.
You feel very buoyant.
You fly up into the air.
You feel sick.
The goblin hits you with a +2 dagger of venom.
You are lethally poisoned!
The hobgoblin closely misses you.
* * * LOW HITPOINT WARNING * * *
You feel sick.
* * * LOW HITPOINT WARNING * * *
You feel sick.
* * * LOW HITPOINT WARNING * * *
You feel sick.
You die...

#...g. #.......#### ##...#
+......#####
#..).#+##......#...#
#g..g..........'...#
#..g...........#....
##g..................
##.g.............#....
###..g####+##......#....
#.'....@...##......#....
###..†#######......#.)..
#...#....##......#....
#...#.##..............
########.#.#.#####......#....
.........#.#.....)####...####
##########.######.# #.≈≈≈.#
#.# #.# #≈≈≈≈≈# #.# #.#
#≈≈.≈≈#


You could see a goblin.

Vanquished Creatures
  Robin (D:2)
  An adder (D:2)
  A worm (D:2)
  2 dart slugs (D:2)
  An endoplasm (D:1)
  A giant cockroach (D:2)
  4 goblins
  3 hobgoblins (D:2)
  3 jackals (D:1)
  4 kobolds
  3 ball pythons
  3 bats (D:1)
  3 frilled lizards (D:1)
  2 rats (D:1)
32 creatures vanquished.

Notes
Turn   | Place    | Note
-------+----------+-------------------------------------------
     0 | D:1      | porpoise the Deep Elf Conjurer began the quest for the Orb.
     0 | D:1      | Reached XP level 1. HP: 10/10 MP: 6/6
   218 | D:1      | Reached XP level 2. HP: 15/15 MP: 5/8
   221 | D:1      | Learned a level 2 spell: Searing Ray
   991 | D:2      | Reached skill level 5 in Conjurations
   991 | D:2      | Reached XP level 3. HP: 19/19 MP: 4/10
  1370 | D:2      | Noticed Robin
  1376 | D:2      | Killed Robin
  1383 | D:2      | Succumbed to a goblin's poison

Illustrated notes

Levels and vault maps discovered:
D:1:      heliophobic_arrival_ceremonial_halls, layout_loops_ring
D:2:      layout_basic, kennysheep_slug_shrine, tgw_trog, uniq_robin

Skill      XL: |  1  2 |
---------------+-------+-----
Spellcasting   | 4 |  4.5
Conjurations   | 5 |  5.2
Dodging        | |  2.4
Stealth        | |  2.4

Action                   || total
-------------------------++-------
 Cast: Magic Dart        ||    51
       Searing Ray       ||     3
  Use: Potion            ||     1
Armor: Robe              ||     4
Dodge: Dodged            ||     7

Table legend: (Time is in decaauts)
 A = Elapsed time spent in this place.
 B = Non-inter-level travel time spent in this place.
 C = Inter-level travel time spent in this place.
 D = Time resting spent in this place.
 E = Time spent auto-exploring this place.
 F = Levels seen in this place.
 G = Mean time per level.
                   A        B        C        D        E       F      G
               +--------+--------+--------+--------+--------+-----+--------+
         Total |   1382 |   1347 |     35 |    520 |    694 |   2 |  691.0 |
       Dungeon |   1382 |   1347 |     35 |    520 |    694 |   2 |  691.0 |
               +--------+--------+--------+--------+--------+-----+--------+

Top non-repeatable levels by time:
     D:1: 939 daAuts
     D:2: 442 daAuts
